 Dungeon Crawl Stone Soup version 0.18-a0-1683-gf9322e6 (webtiles) character file.

164 Ratboiler the Magician (level 5, -3/38 HPs)
             Began as a Draconian Wanderer on Apr 3, 2016.
             Was an Initiate of Pakellas.
             Killed by divine providence
             ... invoked by an orc priest
              (14 damage)
             ... on level 4 of the Dungeon.
             The game lasted 00:06:16 (3758 turns).

Ratboiler the Magician (Draconian Wanderer)         Turns: 3758, Time: 00:06:16

Health: -3/38      AC:  6    Str: 17    XL:     5   Next: 21%
Magic:  12/12      EV: 10    Int: 13    God:    Pakellas [......]
Gold:   182        SH:  2    Dex:  8    Spells: 0 memorised, 14 levels left

rFire  . . .     SeeInvis .     a - +2 whip (venom)
rCold  . . .     Gourm    .     (armour unavailable)
rNeg   . . .     Faith    .     k - +0 buckler
rPois  .         Spirit   .     (helmet restricted)
rElec  .         Dismiss  .     s - +0 cloak
rCorr  .         Reflect  .     (no gloves)
SustAt .         Harm     .     (no boots)
MR     .....                    (no amulet)
Stlth  ..........               A - ring of flight
                                p - ring of loudness (curse)

@: not resistant to hostile enchantments, extremely unstealthy
A: unfitting armour, cold-blooded, AC +5
a: Renounce Religion, Evoke Flight


You were on level 4 of the Dungeon.
You worshipped Pakellas.
Pakellas was noncommittal.
You were not hungry.

You visited 1 branch of the dungeon, and saw 4 of its levels.

You collected 182 gold pieces.

Inventory:

Hand Weapons
 a - a +2 whip of venom (weapon)
 d - a +0 club
 o - a +0 mace
Missiles
 i - 10 tomahawks (quivered)
Armour
 k - a +0 buckler (worn)
 s - a +0 cloak (worn)
Jewellery
 p - a cursed ring of loudness (left hand)
 A - a ring of flight (right hand)
Wands
 q - a wand of digging (6/24)
Scrolls
 h - 2 scrolls of remove curse {unknown}
 j - 2 scrolls of identify {unknown}
 t - a scroll of teleportation {unknown}
 u - a scroll of noise {unknown}
 x - a scroll of fear {unknown}
 y - a scroll of enchant weapon {unknown}
 D - a scroll of amnesia {unknown}
Potions
 g - 2 potions of curing
 l - a potion of agility {unknown}
 m - a potion of beneficial mutation {unknown}
 n - 2 potions of degeneration {unknown}
 r - a potion of mutation {unknown}
 v - a potion of ambrosia {unknown}
 w - a potion of invisibility {unknown}
 B - a potion of heal wounds {unknown}
 C - 2 potions of might {unknown}
Books
 b - the Guide on the Voyage

   Spells                             Type                      Level
   a - Shroud of Golubria             Charms/Translocation         2
   b - Blink                          Translocation                2
 c - the Almanac of Orientation

   Spells                             Type                      Level
   a - Shroud of Golubria             Charms/Translocation         2
   b - Blink                          Translocation                2
 e - a Young Poisoner's Handbook

   Spells                             Type                      Level
   a - Sting                          Conjuration/Poison           1
   b - Cure Poison                    Poison                       2
   c - Mephitic Cloud                 Conjuration/Poison/Air       3
   d - Olgreb's Toxic Radiance        Poison                       4
   e - Venom Bolt                     Conjuration/Poison           5
Comestibles
 f - 2 bread rations
 z - a beef jerky


   Skills:
 + Level 5.0 Maces & Flails
 - Level 1.0 Throwing
 - Level 1.0 Stealth
 - Level 5.0 Spellcasting
   Level 1.0 Translocations
   Level 2.0 Poison Magic


You had 14 spell levels left.
You didn't know any spells.

Dungeon Overview and Level Annotations

Branches:
Dungeon (4/15)
 Temple: D:4-7

Altars:
Nemelex Xobeh
Pakellas
Vehumet
Yredelemnul


Innate Abilities, Weirdness & Mutations

Your plain brown scales are hard (AC +5).
Your body does not fit into most forms of armour.
You are cold-blooded and may be slowed by cold attacks.


Message History

* * * LOW HITPOINT WARNING * * *
You hit the orc priest but do no damage.
The orc priest looks even sicker.
The orc priest is moderately wounded.
You hit the orc priest.
The orc priest is heavily wounded.
The orc priest barely misses you.
Drink which item? (? for menu, Esc to quit)
You feel better. The orc priest barely misses you.
You barely miss the orc priest.
The orc priest is heavily wounded.
The orc priest calls down the wrath of Beogh upon you.
Pain shoots through your body!
* * * LOW HITPOINT WARNING * * *
You hit the orc priest.
The orc priest looks even sicker.
The orc priest is almost dead.
The orc priest mumbles some strange prayers to Beogh against you.
Beogh smites you!
You die...
Pakellas says: That's one more possible approach eliminated.

#....# ##...#..##### #....#
#....#...# # #....#
#....#...# # #....#
##.###..## #
#....###########.####### #
#....#............#....# #
#....#............#....# #
#....#....<......##...## #
#....#....@o.....##'#### #
#....##'######...##....# #
#....#..##..#######....# #
#####....#.................#
#
#....#'###.................#
#
#....#...'.................#
#
#....#..######...#...#######
# #....####.......###### #
#....#..#.......# #


You could see an orc priest.

Vanquished Creatures
  Terence (D:2)
  2 worker ants (D:4)
  2 adders
  An ooze (D:2)
  3 worms
  2 dart slugs
  2 orcs (D:4)
  5 bats
  4 giant cockroaches
  5 goblins
  8 hobgoblins
  2 quokkas
  A ball python (D:1)
  7 giant newts
  6 kobolds
  7 rats
58 creatures vanquished.

Notes
Turn   | Place    | Note
--------------------------------------------------------------
     0 | D:1      | Ratboiler the Draconian Wanderer began the quest for the Orb.
     0 | D:1      | Ratboiler set off with: a Young Poisoner's Handbook, the Guide on the Voyage, the Almanac of Orientation, a +0 club, a bread ration
     0 | D:1      | Reached XP level 1. HP: 14/14 MP: 6/6
     0 | D:1      | Identified the Guide on the Voyage
     0 | D:1      | Identified the Almanac of Orientation
    85 | D:1      | Reached skill level 1 in Maces & Flails
   297 | D:1      | Reached XP level 2. HP: 20/20 MP: 8/8
  1267 | D:2      | Found a basalt altar of Yredelemnul.
  1283 | D:2      | Reached XP level 3. HP: 16/26 MP: 9/9
  1744 | D:2      | Noticed Terence
  1761 | D:2      | Killed Terence
  1761 | D:2      | Reached XP level 4. HP: 8/33 MP: 11/11
  2300 | D:3      | Found a sparkling altar of Nemelex Xobeh.
  2302 | D:3      | Found a radiant altar of Vehumet.
  2305 | D:3      | Found an oddly glowing altar of Pakellas.
  2314 | D:3      | Became a worshipper of Pakellas the Inventive
  3320 | D:4      | Reached XP level 5. HP: 35/38 MP: 12/12
  3556 | D:4      | Reached skill level 5 in Maces & Flails
  3758 | D:4      | Killed from afar by an orc priest

Vault maps used:
D:1:      roderic_chinese_lattice_arrival, serial_park_tiny_1
D:2:      yredelemnul_altar_generic, uniq_terence
D:3:      nicolae_overflow_hidden_temple
D:4:      kennysheep_mini, first_bread

Skill      XL: |  1  2  3  4  5 |
---------------+----------------+-----
Maces & Flails | 1 2 3 4 5 |  5.0
Throwing       | |  1.0
Stealth        | |  1.0
Spellcasting   | |  5.0
Translocations | |  1.0
Poison Magic   | |  2.0

Action                   |  1- 3 |  4- 6 || total
-------------------------+-------+-------++-------
Melee: Club              |    12 |       ||    12
       Mace              |   120 |    44 ||   164
       Whip              |       |    48 ||    48
Evoke: Wand              |       |     1 ||     1
  Use: Potion            |     1 |     1 ||     2
  Eat: Chunk             |     3 |     3 ||     6
       Bread ration      |       |     1 ||     1
